 Dungeon Crawl Stone Soup version 0.29.1-12-g30fa7ad0bf (webtiles) character file.

Game seed: 9422111058520890426

7 growler the Poker (level 1, 0/16 HPs)
             Began as a Demonspawn Wanderer on Jan 12, 2023.
             Slain by a quokka (1 damage)
             ... on level 1 of the Dungeon.
             The game lasted 00:00:53 (169 turns).

growler the Poker (Demonspawn Wanderer)              Turns: 169, Time: 00:00:54

Health: 0/16       AC:  6    Str: 15    XL:     1   Next: 91%
Magic:  1/1        EV: 10    Int: 11    God:
Gold:   14         SH:  4    Dex: 11    Spells: 0/0 levels left

rFire   . . .      SeeInvis .   a - +0 spear
rCold   . . .      Faith    .   b - +0 buckler {AC+3}
rNeg    . . .      Spirit   .   f - +0 leather armour
rPois   .          Reflect  .   (no helmet)
rElec   .          Harm     .   (no cloak)
rCorr   .          Rampage  .   (no gloves)
Will    .....                   (no boots)
Stlth   +.........              (no amulet)
HPRegen 0.05/turn               (no ring)
MPRegen 0.07/turn               (no ring)

@: no status effects
A: no striking features
a: no special abilities


You were on level 1 of the Dungeon.
You visited 1 branch of the dungeon, and saw 1 of its levels.

You collected 14 gold pieces.

Inventory:

Hand Weapons
 a - a +0 spear (weapon)
 d - a +0 dagger
Missiles
 c - 11 poisoned darts (quivered)
Armour
 b - a +0 buckler of protection (worn)
 f - a +0 leather armour (worn)
Scrolls
 e - a scroll of fear
 g - a scroll of immolation {unknown}


   Skills:
 - Level 2.0 Fighting
 + Level 3.2 Polearms
 - Level 1.0 Throwing
 - Level 2.6 Shields
 - Level 1.0 Evocations


You couldn't memorise any spells.
You didn't know any spells.
Your spell library contained the following spells:

 Spells                   Type           Power      Damage    Failure   Level
 Animate Dead             Necr           0%         N/A       99%         4
 Borgnjor's Vile Clutch   Necr/Erth      0%         N/A       100%        5
 Death Channel            Necr           0%         N/A       100%        6


Dungeon Overview and Level Annotations

Branches:
Dungeon (1/15)

Altars:


Message History

The hobgoblin closely misses you.
You hit the hobgoblin.
The hobgoblin is almost dead.
The hobgoblin hits you but does no damage.
You hit the hobgoblin.
You kill the hobgoblin!
You completely miss the quokka.
The quokka is severely wounded.
The quokka closely misses you.
You closely miss the quokka.
The quokka is severely wounded.
You block the quokka's attack.
You hit the quokka.
The quokka is almost dead.
The quokka bites you.
* * * LOW HITPOINT WARNING * * *
You closely miss the quokka.
The quokka is almost dead.
The quokka barely misses you. The quokka bites you.
* * * LOW HITPOINT WARNING * * *
You miss the quokka.
The quokka is almost dead.
You block the quokka's attack.
You hit the quokka but do no damage.
The quokka is almost dead.
The quokka bites you but does no damage.
You closely miss the quokka.
The quokka is almost dead.
The quokka completely misses you.
You hit the quokka but do no damage.
The quokka is almost dead.
You block the quokka's attack.
The quokka bites you but does no damage.
You hit the quokka but do no damage.
The quokka is severely wounded.
The quokka bites you but does no damage.
You closely miss the quokka.
The quokka is severely wounded.
The quokka bites you.
You die...

##.# #..# #.## .#
#.# ....####### #)#
..........## #.#
..####.#..## ###.#
#.##..# #...#
##.####@..#)####.###
#.....r##........#
#......#######.#.#
#.......# #.#†#
........# #.#.#
##......# #.#.#
######## #.### #.#
#.#


You could see a quokka.

Vanquished Creatures
  A dart slug (D:1)
  A hobgoblin (D:1)
  A goblin (D:1)
  2 kobolds (D:1)
  A rat (D:1)
6 creatures vanquished.

Notes
Turn   | Place    | Note
-------+----------+-------------------------------------------
     0 | D:1      | growler the Demonspawn Wanderer began the quest for the
                  | Orb.
     0 | D:1      | growler set off with the following items: a +0 spear, a +0
                  | buckler of protection, 11 poisoned darts, a +0 dagger, a
                  | scroll of fear, a +0 leather armour.
     0 | D:1      | Reached XP level 1. HP: 16/16 MP: 1/1
   123 | D:1      | Reached skill level 3 in Polearms
   169 | D:1      | Slain by a quokka

Illustrated notes

Levels and vault maps discovered:
D:1:      ncdulo_wetmaze, layout_rooms

Skill      XL: |  1 |
---------------+----+-----
Polearms       | 3 |  3.2
Fighting       | |  2.0
Throwing       | |  1.0
Shields        | |  2.6
Evocations     | |  1.0

Action                   || total
-------------------------++-------
Melee: Spear             ||    43
Armor: Leather armour    ||    13
Dodge: Dodged            ||    15
Block: Buckler           ||     5
